 Dungeon Crawl Stone Soup version 0.20-a0-1017-gc3250ce (webtiles) character file.

120 HankScorpio the Cudgeler (level 5, -1/30 HPs)
             Began as a Gargoyle Gladiator on Apr 17, 2017.
             Slain by Sigmund
             ... wielding a +1 scythe of pain
              (3 damage)
             ... on level 4 of the Dungeon.
             The game lasted 00:06:27 (2303 turns).

HankScorpio the Cudgeler (Gargoyle Gladiator)       Turns: 2303, Time: 00:06:27

Health: -1/30      AC: 11    Str: 18    XL:     5   Next: 4%
Magic:  5/5        EV: 10    Int:  8    God:
Gold:   237        SH:  3    Dex: 12    Spells: 4/4 levels left

rFire    . . .     SeeInvis .   a - +0 flail
rCold    . . .     Gourm    .   d - +0 buckler
rNeg     + . .     Faith    .   p - +0 ring mail
rPois    ∞         Spirit   .   c - +0 helmet
rElec    +         Reflect  .   B - +0 cloak
rCorr    .         Harm     .   (no gloves)
MR       .....                  (no boots)
Stlth    +.........             (no amulet)
Regen    0.1/turn               (no ring)
MPRegen  0.1/turn               (no ring)

@: no status effects
A: negative energy resistance 1, electricity resistance, unbreathing,
petrification resistance, rot immunity, AC +4
a: no special abilities


You were on level 4 of the Dungeon.
You were hungry.

You visited 1 branch of the dungeon, and saw 4 of its levels.

You collected 237 gold pieces.

Inventory:

Hand Weapons
 a - a +0 flail (weapon)
Missiles
 y - 2 throwing nets (quivered)
 z - 2 javelins
Armour
 c - a +0 helmet (worn)
 d - a +0 buckler (worn)
 p - a +0 ring mail (worn)
 B - a +0 cloak (worn)
Magical Staves
 b - an uncursed staff of power
Wands
 x - a wand of digging (6/24)
Scrolls
 e - a scroll of random uselessness {unknown}
 g - a scroll of fog {unknown}
 h - 6 scrolls of identify {unknown}
 l - 3 scrolls of remove curse {unknown}
 m - a scroll of immolation {unknown}
 n - a scroll of blinking {unknown}
 o - a scroll of enchant armour {unknown}
 q - a scroll of noise {unknown}
 w - a scroll of enchant weapon {unknown}
 A - a scroll of teleportation {unknown}
Potions
 j - 2 potions of lignification {unknown}
 k - a potion of curing
 s - a potion of degeneration {unknown}
 t - 2 potions of heal wounds {unknown}
 u - a potion of brilliance {unknown}
 v - a potion of might {unknown}
Comestibles
 f - 2 bread rations
 i - 2 royal jellies
 r - 2 fruits


   Skills:
 - Level 2.1 Fighting
 + Level 5.5 Maces & Flails
 - Level 1.7 Throwing
 - Level 2.4 Dodging


You had 4 spell levels left.
You didn't know any spells.

Dungeon Overview and Level Annotations

Branches:
Dungeon (4/15)
 Temple: D:4-7

Altars:
Trog

Annotations:
D:4 Sigmund


Innate Abilities, Weirdness & Mutations

You are resistant to torment.
Your stone body is resilient. (AC +4)
You are immune to poison.
You resist negative energy. (rN+)
You are resistant to electric shocks. (rElec)
You can survive without breathing.
You are immune to petrification.
You are immune to rotting.


Message History

The quokka barely misses you.
You hit the quokka.
You kill the quokka!
Something hits you!
You writhe in agony.
Something hits you.
You closely miss something. You hit something. Something hits you.
* * * LOW HITPOINT WARNING * * *
You miss something. Something hits you but does no damage.
You closely miss something. Something hits you but does no damage.
You miss something.
You hear some strange, mumbled words.
Something tries to affect you, but you resist.
You closely miss something. Something hits you!
* * * LOW HITPOINT WARNING * * *
You miss something. You hit something. Something hits you but does no damage.
You writhe in agony.
* * * LOW HITPOINT WARNING * * *
You barely miss something. Something hits you.
You die...

.. ###. #...
#.#.## ....#
#... .#
#..###.##..
#..<.......
##@.#####.#
#.....{....#
######.....#
#.....#
#..!..#
#>.[..#
#######


There were no monsters in sight!

Vanquished Creatures
  Ijyb (D:3)
  Terence (D:2)
  2 adders
  4 leopard geckos
  A ball python (D:3)
  2 bats
  2 giant cockroaches
  11 goblins
  3 hobgoblins (D:2)
  3 jackals (D:3)
  4 quokkas
  4 frilled lizards
  4 kobolds
  7 rats
49 creatures vanquished.

Notes
Turn   | Place    | Note
-------+----------+-------------------------------------------
     0 | D:1      | HankScorpio the Gargoyle Gladiator began the quest for the Orb.
     0 | D:1      | Reached XP level 1. HP: 12/12 MP: 1/1
   613 | D:1      | Reached XP level 2. HP: 16/17 MP: 2/2
  1042 | D:2      | Reached skill level 4 in Maces & Flails
  1042 | D:2      | Reached XP level 3. HP: 9/21 MP: 3/3
  1349 | D:2      | Noticed Terence
  1358 | D:2      | Killed Terence
  1358 | D:2      | Reached XP level 4. HP: 22/26 MP: 4/4
  1651 | D:3      | Reached skill level 5 in Maces & Flails
  1697 | D:3      | Noticed Ijyb
  1724 | D:3      | Killed Ijyb
  2140 | D:3      | Found a bloodstained altar of Trog.
  2268 | D:3      | Reached XP level 5. HP: 30/30 MP: 5/5
  2283 | D:4      | Noticed Sigmund
  2303 | D:4      | Slain by Sigmund

Vault maps used:
D:1:      minmay_arrival_split_and_join, minmay_misc_feat_secret_circle
D:2:      uniq_terence
D:3:      kennysheep_goblin_castle, lemuel_doored_altar
D:4:      fedhas_bush_and_centaur_altar, serial_glass, glass_columns_a,
          glass_columns_a, glass_columns_b, glass_columns_b, glass_columns_a,
          uniq_sigmund

Skill      XL: |  1  2  3  4 |
---------------+-------------+-----
Maces & Flails | 4 5 |  5.5
Fighting       | |  2.1
Throwing       | |  1.7
Dodging        | |  2.4

Action                   |  1- 3 |  4- 6 || total
-------------------------+-------+-------++-------
Melee: Flail             |   101 |    99 ||   200
Throw: Javelin           |     4 |     6 ||    10
       Throwing net      |     1 |     2 ||     3
       Tomahawk          |       |     6 ||     6
  Use: Potion            |     1 |       ||     1
  Eat: Chunk             |     1 |     3 ||     4
Armor: Leather armour    |    16 |       ||    16
       Ring mail         |    31 |    82 ||   113
Dodge: Dodged            |    82 |    86 ||   168
Block: Buckler           |       |     5 ||     5
